 Dungeon Crawl Stone Soup version 0.31-a0-180-g519b7de00c (webtiles) character file.

Game seed: 6986837600390287631

77 qw the Shooter (level 4, 0/40 HPs)
             Began as a Naga Hunter on June 19, 2023.
             Slain by a gnoll
             ... wielding a +0 club
              (6 damage)
             ... on level 3 of the Dungeon.
             The game lasted 00:00:26 (2017 turns).

qw the Shooter (Naga Hunter)                        Turns: 2017, Time: 00:00:27

Health: 0/40       AC:  2    Str: 13    XL:     4   Next: 33%
Magic:  4/4        EV:  9    Int: 10    God:
Gold:   87         SH:  0    Dex: 16    Spells: 3/3 levels left

rFire   . . .        Y - +0 shortbow
rCold   . . .        (shield currently unavailable)
rNeg    . . .        c - +0 leather armour
rPois   +            (no helmet)
rElec   .            (no cloak)
rCorr   .            (no gloves)
SInv    +            (no barding)
Will    .....        (no amulet)
Stlth   ++           (no ring)
HPRegen 0.26/turn    (no ring)
MPRegen 0.09/turn

%: no passive effects
@: very slow
A: AC +1, large, see invisible, deformed body, poison resistance, slowness 2,
spit poison 1, naga tail 1
a: Spit Poison


You were on level 3 of the Dungeon.
You visited 1 branch of the dungeon, and saw 3 of its levels.

You collected 87 gold pieces.


Innate Abilities, Weirdness & Mutations

Your serpentine skin is tough. (AC +1)
You have supernaturally acute eyesight. (SInv)
Armour fits poorly on your strangely shaped body.
Your system is resistant to poisons. (rPois)
You cover ground very slowly.
You can spit poison.
You have a snake-like lower body.


   Skills:
 + Level 2.5 Fighting
 - Level 5.0 Ranged Weapons
 - Level 1.5 Dodging
 - Level 1.5 Stealth


You had 3 spell levels left.
You didn't know any spells.
Your spell library was empty.

Inventory:

Hand Weapons
 Y - a +0 shortbow (weapon)
Armour
 c - a +0 leather armour (worn)
Scrolls
 a - a scroll of identify
Potions
 f - a potion of curing {unknown}

Dungeon Overview and Level Annotations

Branches:
Dungeon (3/15)

Altars:
Uskayaw

Shops:
D:2 (   D:3 =

Annotations:
D:2 1 runed translucent door, Crazy Yiuf


Message History

The arrow hits the adder.
You kill the adder!
You have got your breath back.
The gnoll hits you from afar with a +0 spear.
The gnoll hits you from afar with a +0 spear!
2008 ||| INVOKING Spit Poison.
Aiming: Spit Poison (1% risk of failure)
Press: ? - help, Shift-Dir - straight line, f/p - gnoll The splash of poison hits the gnoll.
The gnoll is poisoned.
The gnoll is moderately wounded.
The gnoll hits you from afar with a +0 spear.
You shoot an arrow. The arrow hits the gnoll.
The gnoll is heavily wounded.
The gnoll hits you but does no damage.
You shoot an arrow. The arrow hits the gnoll.
The gnoll is severely wounded.
You have got your breath back.
The gnoll hits you from afar with a +0 spear.
2011 ||| INVOKING Spit Poison.
Aiming: Spit Poison (1% risk of failure)
Press: ? - help, Shift-Dir - straight line, f/p - gnoll The splash of poison misses the gnoll. x2
The gnoll hits you from afar with a +0 spear.
You shoot an arrow. The arrow barely misses the gnoll.
The arrow hits the gnoll!
The gnoll is heavily wounded.
The gnoll hits you from afar with a +0 spear.
You shoot an arrow. The arrow hits the gnoll.
You kill the gnoll!
The gnoll throws a throwing net.
The throwing net hits you.
You become entangled in the net!
You struggle against the net.
You struggle against the net.
You have got your breath back.
You struggle against the net.
The gnoll hits you from afar with a +0 spear.
The gnoll hits you with a +0 club.
You shred the net and break free!
The gnoll hits you from afar with a +0 spear.
The gnoll hits you with a +0 club.
You die...

#......#
#.....####..#
#.......#
####### ##.##
#....([.#
###..#
#........
#...## #.###
###.# #...#
##.### #@g#
#.## #g# ..#
>... .#### ..
.!


You could see 2 gnolls.

Vanquished Creatures
  Jessica (D:2)
  A gnoll (D:3)
  An adder (D:3)
  2 endoplasms
  2 giant cockroaches
  4 goblins
  2 hobgoblins
  2 jackals (D:2)
  5 kobolds
  A quokka (D:1)
  6 bats
  4 rats
31 creatures vanquished.

Notes
Turn   | Place    | Note
-------+----------+-------------------------------------------
     0 | D:1      | qw the Naga Hunter began the quest for the Orb.
     0 | D:1      | Reached XP level 1. HP: 19/19 MP: 1/1
     0 | D:1      | 0 ||| qw: Version: 0.3-a-7-ge0c9b40
     0 | D:1      | 0 ||| qw: Game counter: 898
     0 | D:1      | 0 ||| qw: Always use a shield: true
     0 | D:1      | 0 ||| qw: God list: Okawaru
     0 | D:1      | 0 ||| qw: Allow faded altars: false
     0 | D:1      | 0 ||| qw: Do Orc after D:15 true
     0 | D:1      | 0 ||| qw: Do second Lair branch before Depths: true
     0 | D:1      | 0 ||| qw: Lair rune preference: random
     0 | D:1      | 0 ||| qw: Plans: Normal
     0 | D:1      | 0 ||| PLANNING D:1-11
    35 | D:1      | 35 ||| INVOKING Spit Poison.
    63 | D:1      | 63 ||| INVOKING Spit Poison.
    72 | D:1      | 72 ||| INVOKING Spit Poison.
   110 | D:1      | 110 ||| INVOKING Spit Poison.
   113 | D:1      | Reached skill level 4 in Ranged Weapons
   113 | D:1      | Reached XP level 2. HP: 26/26 MP: 2/2
   125 | D:1      | 125 ||| INVOKING Spit Poison.
   167 | D:1      | 167 ||| INVOKING Spit Poison.
   239 | D:1      | 239 ||| INVOKING Spit Poison.
   256 | D:1      | 256 ||| INVOKING Spit Poison.
   402 | D:1      | 402 ||| INVOKING Spit Poison.
   419 | D:1      | 419 ||| INVOKING Spit Poison.
   424 | D:1      | 424 ||| INVOKING Spit Poison.
   473 | D:1      | 473 ||| INVOKING Spit Poison.
   480 | D:1      | 480 ||| INVOKING Spit Poison.
   787 | D:1      | 787 ||| READING scroll labelled ROAVAQE MYTEDWO.
   834 | D:1      | 834 ||| READING scroll labelled ASSARU BEJEE.
   835 | D:1      | 835 ||| READING scroll labelled XITICW WOXIT.
   836 | D:1      | 836 ||| READING scroll labelled PUHOFA REIT.
   837 | D:1      | 837 ||| DRINKING 2 cyan potions.
   838 | D:1      | 838 ||| DROPPING scroll of butterflies.
   839 | D:1      | 839 ||| DROPPING potion of brilliance.
   862 | D:2      | Found Dearik's Antique Weapon Shoppe.
   863 | D:2      | 863 ||| INVOKING Spit Poison.
   886 | D:2      | Noticed Jessica
   889 | D:2      | 889 ||| INVOKING Spit Poison.
   889 | D:2      | Killed Jessica
   890 | D:2      | Reached XP level 3. HP: 32/32 MP: 3/3
  1022 | D:2      | 1022 ||| INVOKING Spit Poison.
  1038 | D:2      | 1038 ||| INVOKING Spit Poison.
  1042 | D:2      | 1042 ||| INVOKING Spit Poison.
  1095 | D:2      | 1095 ||| INVOKING Spit Poison.
  1110 | D:2      | 1110 ||| INVOKING Spit Poison.
  1113 | D:2      | 1113 ||| INVOKING Spit Poison.
  1150 | D:2      | Found a hide-covered altar of Uskayaw.
  1177 | D:2      | 1177 ||| INVOKING Spit Poison.
  1249 | D:2      | 1249 ||| INVOKING Spit Poison.
  1367 | D:2      | 1367 ||| INVOKING Spit Poison.
  1368 | D:2      | 1368 ||| INVOKING Spit Poison.
  1372 | D:2      | Reached skill level 5 in Ranged Weapons
  1486 | D:2      | Found a runed translucent door.
  1487 | D:2      | Noticed Crazy Yiuf
  1887 | D:2      | 1887 ||| READING scroll labelled HAVUGI EGESS.
  1954 | D:3      | Found Tegh's One-of-a-Kind Rings.
  1966 | D:3      | 1966 ||| SHOPLISTING +2 ring of evasion (72 gold, have 69).
  1966 | D:3      | 1966 ||| SHOPLISTING +3 ring of strength (120 gold, have
                  | 69).
  1966 | D:3      | 1966 ||| SHOPLISTING +7 ring of dexterity (540 gold, have
                  | 69).
  1966 | D:3      | 1966 ||| SHOPLISTING +7 ring of protection (1242 gold, have
                  | 69).
  1966 | D:3      | 1966 ||| SHOPLISTING +8 ring of evasion (936 gold, have
                  | 69).
  1966 | D:3      | 1966 ||| SHOPLISTING ring of Boekume {Ice Str+3 Dex+3} (535
                  | gold, have 69).
  1966 | D:3      | 1966 ||| SHOPLISTING ring of Peat {Fire Drain Str+7 Int+4
                  | Stlth+} (627 gold, have 69).
  1966 | D:3      | 1966 ||| SHOPLISTING ring of Zafatuq {rPois rCorr Dex+3}
                  | (466 gold, have 69).
  1999 | D:3      | 1999 ||| INVOKING Spit Poison.
  2002 | D:3      | Reached XP level 4. HP: 39/39 MP: 4/4
  2002 | D:3      | 2002 ||| INVOKING Spit Poison.
  2008 | D:3      | 2008 ||| INVOKING Spit Poison.
  2011 | D:3      | 2011 ||| INVOKING Spit Poison.
  2016 | D:3      | HP: 9/40 [gnoll/+0 spear (2)]
  2017 | D:3      | Slain by a gnoll

Levels and vault maps discovered:
D:1:      psy_arrival_radial02, layout_loops_ring, minmay_misc_feat_square,
          dreamdust_mushroom_princess, nicolae_titane
D:2:      layout_loops_corners, serial_shops, shop, basic_altar,
          bh_walls_and_bars, uniq_crazy_yiuf_cottage, uniq_jessica
D:3:      minmay_inner_zag, layout_basic, nicolae_shop_unique_rings

Skill      XL: |  1  2  3 |
---------------+----------+-----
Ranged Weapons | 4 5 |  5.0
Fighting       | |  2.5
Dodging        | |  1.5
Stealth        | |  1.5

Action                     |  1- 3 |  4- 6 || total
---------------------------+-------+-------++-------
   Fire: Shortbow          |    44 |     9 ||    53
Ability: Spit Poison       |    25 |     3 ||    28
    Use: Scroll            |     5 |       ||     5
         Potion            |     1 |       ||     1
 Armour: Leather armour    |     5 |     2 ||     7
  Dodge: Dodged            |     7 |     3 ||    10

Table legend:
 A = Non-vault XP
 B = Vault XP
 C = Vault XP percentage of total XP
 D = Non-vault monster count
 E = Vault monster count
 F = Vault count percentage of total count
                 A         B        C        D         E       F
            +---------+---------+-------+---------+---------+-------
      Total |      73 |      37 |  33.6 |      30 |       1 |   3.2
            +---------+---------+-------+---------+---------+-------
        D:1 |      25 |       0 |   0.0 |      15 |       0 |   0.0
        D:2 |      19 |      37 |  66.1 |      12 |       1 |   7.7
        D:3 |      29 |       0 |   0.0 |       3 |       0 |   0.0
            +---------+---------+-------+---------+---------+-------
